 Dungeon Crawl Stone Soup version 0.29.1-15-g9cfb28693d (webtiles) character file.

Game seed: 4912404932254087114

3663 BuddhaDhamma the Severer (level 9, -1/105 HPs)
             Began as a Minotaur Berserker on Mar 23, 2023.
             Was an Elder of Trog.
             Killed from afar by Erica (22 damage)
             ... with a bolt of poison
             ... on level 8 of the Dungeon.
             The game lasted 00:15:36 (9471 turns).

BuddhaDhamma the Severer (Minotaur Berserker)       Turns: 9471, Time: 00:15:36

Health: -1/105     AC:  8    Str: 26    XL:     9   Next: 89%
Magic:  8/8        EV: 10    Int:  4    God:    Trog [****..]
Gold:   340        SH:  0    Dex: 10    Spells: 8/8 levels left

rFire   . . .      SeeInvis .   g - +0 broad axe
rCold   . . .      Faith    +   (no shield)
rNeg    . . .      Spirit   .   l - +0 scale mail
rPois   .          Reflect  .   (helmet restricted)
rElec   .          Harm     .   (no cloak)
rCorr   .          Rampage  .   d - +1 pair of gloves
Will    .....                   (no boots)
Stlth   ..........              q - amulet of faith
HPRegen 0.27/turn               (no ring)
MPRegen 0.11/turn               (no ring)

@: berserking (expiring), lethally poisoned (-1 -> -14), very quick
A: horns 2, retaliatory headbutt
a: Renounce Religion, Berserk, Trog's Hand, Brothers in Arms


You were on level 8 of the Dungeon.
You worshipped Trog.
Trog was greatly pleased with you.
You visited 1 branch of the dungeon, and saw 8 of its levels.
You also visited: Ossuary.

You collected 340 gold pieces.

Inventory:

Hand Weapons
 g - a +0 broad axe (weapon)
Missiles
 c - 4 boomerangs (quivered)
 j - 8 poisoned darts
Armour
 d - a +1 pair of gloves (worn)
 l - a +0 scale mail (worn)
Jewellery
 q - an amulet of faith (around neck)
 y - an amulet of reflection
Wands
 p - a wand of roots (7)
Scrolls
 a - a scroll of teleportation
 b - 3 scrolls of summoning
 e - a scroll of blinking
 i - 2 scrolls of immolation
 m - a scroll of silence
 o - a scroll of poison
 r - a scroll of fear
 u - 2 scrolls of butterflies
Potions
 f - 2 potions of curing
 h - a potion of flight
 k - 3 potions of degeneration {unknown}
 n - 3 potions of might {unknown}
 s - a potion of heal wounds {unknown}
 t - a potion of ambrosia {unknown}
 v - a potion of attraction {unknown}
 w - 2 potions of haste


   Skills:
 - Level 3.6 Fighting
 + Level 16.8 Axes
 - Level 2.4 Armour
 - Level 2.1 Dodging


You had 8 spell levels left.
You didn't know any spells.
Your spell library was empty.

Dungeon Overview and Level Annotations

Branches:
Dungeon (8/15)             Temple (0/1) D:4         Ossuary (visited)
   Lair: D:8-11

Altars:
Dithmenos
Elyvilon
Gozag
Kikubaaqudgha
Qazlal
Sif Muna
Uskayaw
Vehumet
Yredelemnul

Portals:
Abyss: D:7

Annotations:
D:7 2 transporters, exclusion: statue, Greenlander's ghost, novice GnTm
D:8 1 runed translucent door, Erica


Innate Abilities, Weirdness & Mutations

You have a pair of horns on your head.
You reflexively headbutt those who attack you in melee.


Message History

No reachable target in view!
The shadow imp hits you.
You closely miss the shadow imp. The shadow imp barely misses you.
You furiously retaliate!
You headbutt the shadow imp!
You kill the shadow imp!
Trog accepts your kill.
No target in view!
The orc shouts!
You hear a shout!
The orc shouts!
You hear a shout! x4
The orc wizard shouts!
You hear a shout! x3
t - a purple potion
Found a white marble altar of Elyvilon.
Erica the Fiery-Tempered comes into view.
She is wielding a +2 scimitar of flaming and wearing a +2 robe of cold resistance.
Erica shouts!
Erica gestures wildly while chanting.
Erica flickers and vanishes!
Deactivating autopickup; reactivate with Ctrl-A.
Something hits you. Something burns you. Something hits you!
Something burns you. Something hits you. Something burns you.
You hit something but do no damage. Something hits you! Something burns you.
You barely miss something. Your headbutt misses something. Something hits you.
Something burns you.
You slice something!! Something hits you! Something burns you.
A red film seems to cover your vision as you go berserk!
You feel yourself moving faster!
You feel mighty! Something hits you!
* * * LOW HITPOINT WARNING * * *
Something burns you.
* * * LOW HITPOINT WARNING * * *
You closely miss something. You headbutt something! You barely miss something.
You headbutt something. Something hits you.
* * * LOW HITPOINT WARNING * * *
Something burns you.
* * * LOW HITPOINT WARNING * * *
You miss something. You headbutt something!
You hear some strange, mumbled words.
A bolt of poison appears from out of thin air!
The bolt of poison hits you!!
You are poisoned.
You die...

##.....## ####......
#.......###.........
##..............#####
#...≈~≈.........# #.
#..≈≈~≈≈........# 8..
#..~~♣~~.....##.#o...
#..≈≈~≈≈....###.+o...
♣...≈~≈...♣## ###o...
♣♣..@....♣♣ #8..
♣♣.....♣♣ ##. ♣♣{..♣♣
♣.....♣ ♣.......♣
♣...≈~≈...♣
♣..≈≈~≈≈..♣
♣...~~_~~...♣
♣♣..≈≈~≈≈..♣♣


There were no monsters in sight!

Vanquished Creatures
  Joseph (D:7)
  Maggie (D:7)
  A hornet (D:8)
  A wyvern (D:7)
  A wraith (D:7)
  Menkaure (D:7)
  2 ice beasts (D:5)
  3 black bears
  3 ogres
  A centaur (D:5)
  A phantom (D:7)
  An elf zombie (Ossuary)
  2 bullfrogs (D:6)
  4 scorpions (D:5)
  A gnoll sergeant (D:6)
  2 necrophages (D:5)
  A wight (D:7)
  A howler monkey (D:7)
  A human zombie (Ossuary)
  A hound (D:4)
  2 jellies
  2 centaur zombies (Ossuary)
  A centaur skeleton (D:7)
  3 orc priests
  3 iguanas
  6 orc wizards
  2 mummies (Ossuary)
  7 gnolls
  6 adders
  2 shadow imps
  3 ufetubi
  4 worms (D:3)
  5 dart slugs
  25 orcs
  3 endoplasms
  2 giant cockroaches
  A goblin (D:4)
  4 hobgoblins
  3 jackals (D:1)
  9 kobolds
  4 quokkas
  12 ball pythons
  5 bats
  4 frilled lizards
  A goblin zombie (Ossuary)
  14 hobgoblin zombies (Ossuary)
  A jackal zombie (Ossuary)
  7 kobold zombies (Ossuary)
  8 orc zombies (Ossuary)
  3 rats
  2 rat zombies (Ossuary)
184 creatures vanquished.

Vanquished Creatures (others)
  13 plants (D:3)
13 creatures vanquished.

Grand Total: 197 creatures vanquished

Notes
Turn   | Place    | Note
-------+----------+-------------------------------------------
     0 | D:1      | BuddhaDhamma the Minotaur Berserker began the quest for the
                  | Orb.
     0 | D:1      | Reached XP level 1. HP: 19/19 MP: 0/0
   108 | D:1      | Reached skill level 4 in Axes
   241 | D:1      | Reached XP level 2. HP: 22/26 MP: 1/1
   726 | D:2      | Reached skill level 5 in Axes
   785 | D:2      | Reached XP level 3. HP: 19/31 MP: 2/2
   905 | D:2      | Reached ** piety under Trog
  1928 | D:3      | Reached skill level 6 in Axes
  1928 | D:3      | Reached XP level 4. HP: 15/39 MP: 3/3
  2166 | D:3      | Reached skill level 7 in Axes
  2166 | D:3      | Reached XP level 5. HP: 21/45 MP: 4/4
  2660 | D:3      | Found a shadowy altar of Dithmenos.
  3369 | D:4      | Noticed a black bear
  3410 | D:4      | Killed a black bear
  3411 | D:4      | Reached skill level 8 in Axes
  3411 | D:4      | Reached XP level 6. HP: 51/51 MP: 5/5
  3659 | D:4      | Found an opulent altar of Gozag.
  3694 | D:4      | Reached skill level 9 in Axes
  3944 | D:4      | Found a staircase to the Ecumenical Temple.
  4808 | D:5      | Entered Level 5 of the Dungeon
  4814 | D:5      | Reached *** piety under Trog
  4815 | D:5      | Reached XP level 7. HP: 57/57 MP: 6/6
  4847 | D:5      | Reached skill level 10 in Axes
  5138 | D:5      | Noticed a fire elemental
  5139 | D:5      | Found a stormy altar of Qazlal.
  5159 | D:5      | Reached skill level 11 in Axes
  5511 | D:5      | Reached XP level 8. HP: 56/64 MP: 7/7
  5617 | D:5      | Reached skill level 12 in Axes
  5988 | D:5      | Noticed an air elemental
  6374 | D:6      | Reached skill level 13 in Axes
  6396 | D:6      | Found a sand-covered staircase.
  6405 | Ossuary  | Entered an ossuary
  6695 | Ossuary  | Reached **** piety under Trog
  7162 | D:6      | Found a shimmering blue altar of Sif Muna.
  7322 | D:6      | Reached skill level 14 in Axes
  7416 | D:6      | Noticed a +0 falchion
  7417 | D:6      | Noticed a +0 spear
  7417 | D:6      | Noticed a +0 spear
  7417 | D:6      | Noticed a +0 short sword
  7417 | D:6      | Noticed a +0 dagger
  7419 | D:6      | Noticed a +0 dagger
  7420 | D:6      | Noticed a +0 falchion
  7421 | D:6      | Noticed a +0 short sword
  7512 | D:6      | Found a hide-covered altar of Uskayaw.
  7641 | D:6      | Reached XP level 9. HP: 22/70 MP: 8/8
  7951 | D:7      | Found a transporter.
  7982 | D:7      | Found a radiant altar of Vehumet.
  8120 | D:7      | Noticed Maggie
  8144 | D:7      | Killed Maggie
  8145 | D:7      | Reached skill level 15 in Axes
  8311 | D:7      | Found a one-way gate to the infinite horrors of the Abyss.
  8311 | D:7      | Noticed Greenlander's ghost (novice GnTm)
  8463 | D:7      | Noticed Joseph
  8475 | D:7      | Killed Joseph
  8476 | D:7      | Reached skill level 16 in Axes
  8516 | D:7      | Found a basalt altar of Yredelemnul.
  8523 | D:7      | Noticed Menkaure
  8525 | D:7      | Found an ancient bone altar of Kikubaaqudgha.
  8544 | D:7      | Found a transporter.
  8555 | D:7      | Found a transporter.
  8579 | D:7      | Found a transporter.
  8853 | D:7      | Killed Menkaure
  9118 | D:8      | Paralysed by a hornet for 1 turns
  9123 | D:8      | Paralysed by a hornet for 1 turns
  9126 | D:8      | Found a runed translucent door.
  9126 | D:8      | HP: 2/70 [poisoned by a hornet]
  9450 | D:8      | Found a white marble altar of Elyvilon.
  9452 | D:8      | Noticed Erica
  9471 | D:8      | Killed from afar by Erica

Illustrated notes

Levels and vault maps discovered:
D:1:      dpeg_arrival_ternary, layout_loops_ring
D:2:      wad_lake_hut, layout_basic
D:3:      layout_basic, mainiacjoe_overflow_surrounded_room,
          cheibrodos_sewer_entry_bend, skrybe_limestone_x, solitary_fountain,
          grunt_ministairs_11, serial_bayou_lagoon_a
D:4:      layout_layer_cave, mainiacjoe_overflow_boulevard, temple_statues,
          kennysheep_generic_room_7
D:5:      layout_loops_ring, nicolae_qazlal_style_of_elements,
          minmay_misc_feat_rows, dk_rats_in_the_wall
D:6:      layout_basic, lemuel_blue_sif_altar, nicolae_uskayaw_en_pointe,
          chequers_ossuary_entry_cave
D:7:      wander_river, layout_loops_ring, gammafunk_temple_of_torment,
          vehumet_statue, gammafunk_ghost_abyssal_escape, uniq_joseph,
          uniq_maggie
D:8:      layout_layer_cave, elyvilon_altar_3, dk_noncrumbling_3,
          lightli_church_of_beogh, uniq_erica

Skill      XL: |  1  2  3  4  5  6  7  8  9 |
---------------+----------------------------+-----
Axes           | 4 5 6 7 8 9 11 14 16 | 16.8
Fighting       | |  3.6
Armour         | |  2.4
Dodging        | |  2.1

Action                   |  1- 3 |  4- 6 |  7- 9 || total
-------------------------+-------+-------+-------++-------
Melee: Hand axe          |    78 |   163 |   328 ||   569
       Headbutt          |     9 |    25 |    55 ||    89
       Punch             |       |     2 |     7 ||     9
       Broad axe         |       |       |    47 ||    47
Throw: Boomerang         |     2 |     8 |     4 ||    14
Invok: Berserk           |     1 |     2 |     7 ||    10
  Use: Scroll            |       |       |    17 ||    17
       Potion            |       |       |     1 ||     1
Armor: Animal skin       |     7 |       |       ||     7
       Ring mail         |    20 |    22 |       ||    42
       Scale mail        |       |    48 |   110 ||   158
Dodge: Dodged            |    43 |    77 |   113 ||   233
Block: Other             |       |       |    23 ||    23
